 Dungeon Crawl Stone Soup version 0.31-a0-1237-gabc64e778c (webtiles) character file.

Game seed: 8890240701177036320

185162 Pooter the Severer (level 17, -1/161 HPs)
             Began as a Minotaur Berserker on Dec 14, 2023.
             Was a High Priest of Trog.
             Slain by a +0 spectral quarterstaff (6 damage)
             ... created by a spriggan druid
             ... on level 3 of the Swamp on Dec 16, 2023.
             The game lasted 02:56:01 (51941 turns).

Pooter the Severer (Minotaur Berserker)            Turns: 51941, Time: 02:56:02

Health: -1/161     AC: 16    Str: 25    XL:     17   Next: 40%
Magic:  16/16      EV: 14    Int:  6    God:    Trog [*****.]
Gold:   63         SH:  5    Dex: 19    Spells: 16/16 levels left

rFire   . . .        a - +8 battleaxe "Powerful Undertaker" {heavy, rElec}
rCold   . . .        (shield currently unavailable)
rNeg    . . .        C - +3 leather armour {rPois}
rPois   +            X - +2 hat
rElec   +            r - +0 cloak
rCorr   .            u - +2 pair of gloves
SInv    .            l - +2 pair of boots
Will    +....        Z - amulet of reflection
Stlth   ++++         A - +4 ring of slaying
HPRegen 0.46/turn    T - +6 ring of dexterity
MPRegen 0.15/turn

%: reflection
@: on berserk cooldown, slowed, very slow
A: horns 2, retaliatory headbutt
}: 1/15 runes: serpentine
a: Renounce Religion, Berserk, Trog's Hand, Brothers in Arms


You were on level 3 of the Swamp.
You worshipped Trog.
Trog was extremely pleased with you.
You visited 6 branches of the dungeon, and saw 29 of its levels.
You also visited: Bailey.

You collected 2738 gold pieces.
You spent 2675 gold pieces at shops.

Inventory:

Hand Weapons
 a - the +8 battleaxe "Powerful Undertaker" (weapon) {heavy, rElec}
   (Trog gifted it to you on level 4 of the Snake Pit)

   rElec:     It insulates you from electricity.
 b - a +9 arbalest of freezing
   (You took it off a kobold blastminer on level 1 of the Orcish Mines)
 x - a +1 hand axe of flaming
   (You took it off an orc priest on level 11 of the Dungeon)
 K - a +1 heavy morningstar
   (You took it off a wight on level 7 of the Dungeon)
 R - the +7 broad axe "Caumy" {freeze, rF- MP+9 Dex+2 Stlth+}
   (You found it on level 6 of the Dungeon)

   Dex+2:     It affects your dexterity (+2).
   rF-:       It makes you vulnerable to fire.
   MP+9:      It affects your magic capacity (+9).
   Stlth+:    It makes you more stealthy.
Missiles
 d - 5 atropa-tipped darts
 j - 2 javelins
 s - 56 poisoned darts
 z - 21 boomerangs (quivered)
 H - 4 datura-tipped darts
 L - 7 curare-tipped darts
Armour
 l - a +2 pair of boots (worn)
   (You found it on level 4 of the Dungeon)
 r - a +0 cloak (worn)
   (You found it on level 4 of the Dungeon)
 u - a +2 pair of gloves (worn)
   (You found it on level 15 of the Dungeon)
 C - a +3 leather armour of poison resistance (worn)
   (You took it off Eustachio on level 6 of the Dungeon)
 G - a +6 plate armour
   (You took it off an orc warrior on level 7 of the Dungeon)
 X - a +2 hat (worn)
   (You took it off Gastronok on level 11 of the Dungeon)
Jewellery
 k - a +6 ring of strength
   (You found it on level 2 of the Lair of Beasts)
 A - a +4 ring of slaying (left hand)
   (You bought it in a shop on level 4 of the Snake Pit)
 N - a ring of positive energy
   (You took it off an orc on level 3 of the Dungeon)
 T - a +6 ring of dexterity (right hand)
   (You found it on level 8 of the Dungeon)
 V - a ring of willpower
   (You found it on level 1 of the Lair of Beasts)
 Z - an amulet of reflection (around neck)
   (You took it off Erica on level 10 of the Dungeon)
Wands
 f - a wand of flame (70)
   (You found it on level 4 of the Dungeon)
 n - a wand of roots (13)
   (You took it off Ijyb on level 3 of the Dungeon)
 D - a wand of digging (3)
   (You found it on level 4 of the Snake Pit)
 E - a wand of quicksilver (8)
   (You found it on level 7 of the Dungeon)
 F - a wand of polymorph (12)
   (You took it off Eustachio on level 6 of the Dungeon)
 S - a wand of mindburst (11)
   (You found it on level 9 of the Dungeon)
 W - a wand of charming (9)
   (You found it on level 6 of the Dungeon)
Scrolls
 i - 16 scrolls of identify {@r1}
 p - 2 scrolls of vulnerability {!r}
 q - 2 scrolls of revelation
 t - 13 scrolls of teleportation {@r4}
 v - 3 scrolls of fear
 y - 5 scrolls of noise {!r}
 B - a scroll of blinking
 I - 3 scrolls of fog
 O - 5 scrolls of summoning
 P - 5 scrolls of poison {!r}
 Y - 2 scrolls of immolation {!r}
Potions
 c - 14 potions of curing {@q1}
 e - 6 potions of might
 g - 11 potions of heal wounds {@q2}
 h - 4 potions of attraction {!q}
 m - 5 potions of ambrosia
 o - 3 potions of lignification {!q}
 w - 5 potions of enlightenment
 J - 3 potions of mutation {!q}
 M - 2 potions of haste {@q3}
 Q - a potion of cancellation
 U - 3 potions of resistance


   Skills:
 + Level 17.3 Fighting
 - Level 20.0 Axes
 - Level 18.0 Ranged Weapons
 + Level 9.1 Throwing
 + Level 5.0 Armour
 + Level 4.6 Dodging
 + Level 9.8 Stealth
 + Level 8.2 Evocations


You had 16 spell levels left.
You didn't know any spells.
Your spell library was empty.

Dungeon Overview and Level Annotations

Branches:
Dungeon (15/15) Zot: 24946  Temple (0/1) D:6            Lair (4/5) D:10 Zot: 17004
  Swamp (3/4) Lair:2 Zot: 13460   Snake (4/4) Lair:3 Zot: 7964   Slime (0/5) Lair:4
    Orc (2/2) D:11 Zot: 8676     Elf (1/3) Orc:2 Zot: 5168  Vaults (0/5) D:13
 Depths (0/4) D:15         Bailey (visited)

Altars:
Elyvilon
Fedhas
Hepliaklqana
Qazlal
Ru
Uskayaw
Vehumet
Yredelemnul

Shops:
D:7 *   Orc:2 *??[   Snake:3 [   Snake:4 =[*![

Annotations:
D:2 1 runed translucent door, Crazy Yiuf


Innate Abilities, Weirdness & Mutations

You have a pair of horns on your head.
You reflexively headbutt those who attack you in melee.


Message History

The swamp worm fires a harpoon shot at you.
The harpoon shot hits you but does no damage.
The will-o-the-wisp moves out of view.
Your skin stops crawling.
You feel less strong-willed.
The spriggan druid mumbles some strange words.
The forest starts to sway and rumble!
The swamp worm fires a harpoon shot at you.
The harpoon shot hits you.
* * * LOW HITPOINT WARNING * * *
You are yanked forward by the harpoon shot.
Splash!
You fall into the shallow water.
Moving in this stuff is going to be slow.
A spriggan comes into view. It is wielding a +0 rapier.
The spriggan rider hits you with a +2 heavy spear!
* * * LOW HITPOINT WARNING * * *
The spriggan rider hits you from afar with a +0 spear!
* * * LOW HITPOINT WARNING * * *
The spriggan shouts!
Okay, then.
As you read the scroll of fear, it crumbles to dust.
You assume a fearsome visage.
The bunyip looks frightened!
The spriggan druid resists with almost no effort.
The spriggan rider resists with almost no effort.
The spriggan druid resists with almost no effort.
The spriggan resists with some effort.
The spriggan rider easily resists.
The swamp worm looks frightened!
You feel roots moving beneath the ground.
You are waved at by a branch.
The spriggan druid calls out to the beasts of the wild!
The spriggan rider hits you but does no damage.
A tyrant leech comes into view.
The spriggan rider hits you with a +2 heavy spear.
* * * LOW HITPOINT WARNING * * *
A tyrant leech comes into view.
The spriggan druid completely misses you.
The spriggan rider hits you from afar with a +0 spear!!
* * * LOW HITPOINT WARNING * * *
The tyrant leech moves out of view.
A root smacks you from below!
* * * LOW HITPOINT WARNING * * *
You are hit by a branch!
* * * LOW HITPOINT WARNING * * *
A tree reaches out and hits you!
* * * LOW HITPOINT WARNING * * *
You block the spriggan rider's attack.
The spriggan druid hits you with a +0 spectral quarterstaff.
* * * LOW HITPOINT WARNING * * *
The +0 spectral quarterstaff hits you.
You die...

♣♣♣♣♣ ~~§♣♣ ♣♣
.~§~♣♣♣ .
♣♣~♣♣♣~~§.~♣ ..
♣.~~...~~~.♣...
♣[...~~~~~....~
♣.~~.~~~~.~~§
♣♣♣♣♣♣(@....§~~
♣♣~..).ii♣♣♣~~~§
♣~..~~.ii♣♣..~~.
♣......ii..~..~~
♣~.w.......~♣♣.$.
♣.~~~..w.~~.♣
♣.~§~♣.~.~~.~♣
♣♣.?.~~§~..~.~.
♣.~~~..♣<~~..~~


You could see a tyrant leech, 2 spriggan riders, 2 spriggan druids, a swamp worm
(fleeing), a +0 spectral quarterstaff (wandering) and 2 spriggans.

Vanquished Creatures
  Nikola (Swamp:3)
  Gastronok (D:11)
  A thorn hunter (Swamp:2)
  3 nagarajas (Snake:4)
  An orc warlord (D:11)
  An ironbound preserver (D:13)
  An eleionoma (Swamp:2)
  3 bunyips (Swamp:1)
  2 salamander tyrants (Snake:4)
  The ghost of MysticSailboat the Prestidigitator, a journeyman GnAr of Cheibriados (D:10)
  The ghost of BubbleThief the Martial Artist, a journeyman OpSh of Wu Jian (D:11)
  A great orb of eyes (D:15)
  11 anacondas
  3 hydras
  Erica (D:10)
  5 alligators
  2 catoblepae
  8 two-headed ogres
  10 naga warriors
  An ogre mage (D:13)
  4 boulder beetles
  4 centaur warriors
  A dancing weapon (Elf:1)
  7 tengu warriors
  8 naga sharpshooters
  6 death yaks
  A deep troll earth mage (D:15)
  7 shock serpents
  6 salamander mystics (Snake:4)
  3 sea snakes (Snake:3)
  A deep troll (shapeshifter) (D:11)
  3 goliath frogs
  A bog body (Swamp:2)
  3 naga ritualists
  A swamp dragon (Swamp:1)
  3 orc knights
  Pikel (D:6)
  3 deep elf pyromancers (Elf:1)
  7 mana vipers
  4 deep elf zephyrmancers (Elf:1)
  24 ugly things
  3 orc sorcerers
  16 salamanders
  A wolf spider (Lair:3)
  3 manticores
  44 black mambas
  5 cyclopes
  8 elephants (Lair:2)
  10 guardian serpents
  6 kobold blastminers
  14 naga magi
  16 cane toads
  An unseen horror (D:13)
  A kobold demonologist (D:13)
  An efreet (D:15)
  2 freezing wraiths (D:11)
  9 komodo dragons
  A rime drake (Orc:2)
  A yaktaur (D:15)
  Psyche (D:10)
  3 meliai (D:15)
  A merfolk (Lair:3)
  2 bloated husks (Swamp:2)
  2 tyrant leeches (Lair:2)
  A wind drake (shapeshifter) (D:15)
  10 blink frogs
  6 trolls
  A hornet (Swamp:1)
  3 polar bears
  4 slime creatures (D:12)
  Sigmund (D:4)
  A vampire (D:10)
  A jumping spider (shapeshifter) (D:13)
  A shadow (D:11)
  2 centaur simulacra (D:10)
  A spriggan (Swamp:1)
  Eustachio (D:6)
  53 yaks
  4 wyverns
  5 wraiths
  A fire elemental (Elf:1)
  3 basilisks
  A water elemental (Elf:1)
  3 steam dragons (D:8)
  9 vampire mosquitoes
  A human (D:11)
  Menkaure (D:5)
  10 swamp worms
  7 wargs
  39 nagas
  17 water moccasins
  Duvessa (D:6)
  6 acid dragons
  4 swamp drakes
  A black bear (D:11)
  6 ice beasts
  45 orc warriors
  3 ogres
  8 wolves (Lair:3)
  3 boggarts (D:15)
  16 centaurs
  A lemure (D:6)
  A phantom (D:6)
  7 kobold brigands
  12 bullfrogs
  4 scorpions
  13 wights
  Dowan (D:6)
  18 killer bees
  4 howler monkeys
  2 electric eels (D:7)
  21 orc priests
  3 jellies (Lair:4)
  3 hounds
  2 sleepcaps
  3 gnoll boudas
  Jessica (D:3)
  Ijyb (D:3)
  Terence (D:3)
  4 iguanas
  29 orc wizards
  16 gnolls
  12 adders
  A shadow imp (D:8)
  3 white imps (D:10)
  A howler monkey simulacrum (D:10)
  2 ufetubi (D:6)
  8 worms
  5 dart slugs
  84 orcs
  7 ball pythons
  11 endoplasms
  3 giant cockroaches
  10 goblins
  5 hobgoblins
  3 jackals (D:5)
  4 quokkas
  3 bats (D:2)
  5 frilled lizards
  42 kobolds
  7 rats
  A spectral kobold (D:7)
  2 butterflies (Lair:1)
953 creatures vanquished.

Vanquished Creatures (collateral kills)
  An orc warrior (Bailey)
  An orc priest (Orc:1)
  2 orc wizards (D:7)
  2 ufetubi (D:7)
  An orc (Bailey)
7 creatures vanquished.

Vanquished Creatures (others)
  An orc sorcerer (Orc:1)
  A troll (D:11)
  A boggart (D:15)
  A centaur (Orc:2)
  An orc zombie (D:11)
  2 orcs
  A quokka (D:15)
8 creatures vanquished.

Grand Total: 968 creatures vanquished

Notes
Turn   | Place    | Note
-------+----------+-------------------------------------------
     0 | D:1      | Pooter the Minotaur Berserker began the quest for the Orb.
     0 | D:1      | Reached XP level 1. HP: 19/19 MP: 0/0
   134 | D:1      | Reached skill level 4 in Axes
   158 | D:1      | Reached XP level 2. HP: 18/27 MP: 1/1
   444 | D:1      | Reached ** piety under Trog
   452 | D:1      | Reached XP level 3. HP: 30/33 MP: 2/2
   993 | D:2      | Reached skill level 5 in Axes
  1104 | D:2      | You fall into a shaft and drop 2 floors!
  1118 | D:4      | Reached XP level 4. HP: 18/41 MP: 3/3
  1123 | D:4      | Reached skill level 6 in Axes
  1123 | D:4      | Reached XP level 5. HP: 32/47 MP: 4/4
  1195 | D:4      | Reached skill level 5 in Fighting
  1279 | D:3      | Noticed Terence
  1284 | D:3      | Killed Terence
  1540 | D:3      | Noticed Jessica
  1548 | D:3      | Killed Jessica
  1559 | D:3      | Noticed Ijyb
  1563 | D:3      | Killed Ijyb
  1565 | D:3      | Reached XP level 6. HP: 56/56 MP: 5/5
  1657 | D:2      | Identified the +6 war axe of Qioxef {elec, MP+9 Str-2
                  | Int+3}
  1689 | D:2      | Reached skill level 7 in Axes
  1933 | D:2      | Found a runed translucent door.
  1934 | D:2      | Noticed Crazy Yiuf
  2492 | D:3      | Reached skill level 1 in Ranged Weapons
  2891 | D:4      | Noticed Sigmund
  2899 | D:4      | Killed Sigmund
  2961 | D:4      | Identified the +4 ring mail of Gitucw {Dex+3}
  3003 | D:4      | Reached XP level 7. HP: 63/63 MP: 5/6
  3406 | D:4      | Found a basalt altar of Yredelemnul.
  3516 | D:4      | Reached skill level 8 in Axes
  3851 | D:5      | Entered Level 5 of the Dungeon
  3860 | D:5      | Reached *** piety under Trog
  3907 | D:5      | Reached skill level 9 in Axes
  3907 | D:5      | Reached XP level 8. HP: 71/71 MP: 7/7
  4164 | D:5      | Noticed Menkaure
  4172 | D:5      | Killed Menkaure
  4345 | D:5      | Reached skill level 10 in Axes
  4808 | D:6      | Identified the +7 broad axe "Caumy" {freeze, rF- MP+9 Dex+2
                  | Stlth+}
  4995 | D:6      | Found a stormy altar of Qazlal.
  5134 | D:6      | Noticed Eustachio
  5147 | D:6      | Killed Eustachio
  5148 | D:6      | Reached skill level 5 in Ranged Weapons
  5235 | D:6      | Found a staircase to the Ecumenical Temple.
  5254 | D:6      | Noticed Pikel
  5254 | D:6      | Noticed Dowan
  5261 | D:6      | Noticed Duvessa
  5264 | D:6      | Killed Pikel
  5264 | D:6      | Killed Dowan
  5265 | D:6      | Reached skill level 11 in Axes
  5265 | D:6      | Reached XP level 9. HP: 82/82 MP: 7/8
  5272 | D:6      | Killed Duvessa
  6279 | D:7      | Reached skill level 12 in Axes
  6473 | D:7      | Found a sacrificial altar of Ru.
  6488 | D:7      | Reached **** piety under Trog
  6689 | D:7      | Found Xeehuid's CLEARANCE SALE!.
  6701 | D:7      | Bought a scroll of blinking for 22 gold pieces
  6701 | D:7      | Bought a scroll of enchant armour for 22 gold pieces
  6887 | D:7      | Reached XP level 10. HP: 88/92 MP: 9/9
  7052 | D:7      | Found a hazy altar of Hepliaklqana.
  7103 | D:7      | Reached skill level 13 in Axes
  8596 | D:8      | Reached skill level 10 in Fighting
  8659 | D:8      | Found a blossoming altar of Fedhas.
  8988 | D:9      | Reached skill level 1 in Evocations
  9047 | D:9      | Found a hide-covered altar of Uskayaw.
  9599 | D:9      | Noticed a two-headed ogre
  9605 | D:9      | Killed a two-headed ogre
  9748 | D:9      | Reached skill level 14 in Axes
  9907 | D:9      | Noticed a two-headed ogre
  9915 | D:9      | Killed a two-headed ogre
 10055 | D:9      | Identified the +11 dagger "Ohuivun" {spect, rN+}
 10205 | D:10     | Entered Level 10 of the Dungeon
 10205 | D:10     | Found a flagged portal.
 10255 | D:10     | Found a runed translucent gate.
 10256 | D:10     | Found a runed translucent gate.
 10300 | D:10     | Found a runed translucent gate.
 10388 | Bailey   | Entered a bailey
 10511 | Bailey   | Reached XP level 11. HP: 101/101 MP: 10/10
 11146 | Bailey   | Noticed an orc knight
 11156 | Bailey   | Killed an orc knight
 11363 | D:10     | Noticed Psyche
 11370 | D:10     | Killed Psyche
 11436 | D:10     | Noticed MysticSailboat's ghost (journeyman GnAr)
 11518 | D:10     | Noticed Erica
 11524 | D:10     | Reached skill level 15 in Axes
 11527 | D:10     | Killed Erica
 11753 | D:10     | Found a staircase to the Lair.
 12230 | D:10     | Killed MysticSailboat's ghost
 12480 | D:10     | Identified the ring "Kuer" {Fire ^Contam rN+ Dex+4}
 12533 | Lair:1   | Entered Level 1 of the Lair of Beasts
 12613 | Lair:1   | Reached skill level 16 in Axes
 12834 | Lair:1   | Reached skill level 5 in Evocations
 12947 | Lair:1   | Reached XP level 12. HP: 78/112 MP: 11/11
 13054 | Lair:1   | Reached skill level 10 in Ranged Weapons
 13914 | Lair:2   | Reached skill level 1 in Stealth
 14038 | Lair:2   | Reached skill level 17 in Axes
 14432 | Lair:2   | Found a staircase to the Swamp.
 14771 | Lair:2   | Noticed a catoblepas
 14779 | Lair:2   | Killed a catoblepas
 15103 | Lair:3   | Reached XP level 13. HP: 119/119 MP: 12/12
 15981 | Lair:3   | Found a staircase to the Snake Pit.
 17009 | Lair:4   | Reached skill level 18 in Axes
 18536 | Lair:4   | Found a staircase to the Slime Pits.
 18735 | Lair:4   | Upgraded the game from 0.31-a0-1227-g0136665373 to
                  | 0.31-a0-1237-gabc64e778c
 19134 | D:11     | Found a staircase to the Orcish Mines.
 19791 | D:11     | Found a runed translucent gate.
 19791 | D:11     | Found a runed translucent gate.
 19794 | D:11     | Found a runed translucent gate.
 19797 | D:11     | Noticed BubbleThief's ghost (journeyman OpSh)
 20206 | D:11     | Noticed Gastronok
 20214 | D:11     | Killed Gastronok
 20821 | D:11     | Identified the +2 dagger "Xerafiell" {spect, *Rage rElec
                  | rC+ Dex+2}
 21041 | Orc:1    | Entered Level 1 of the Orcish Mines
 21053 | Orc:1    | Noticed a kraken
 21064 | D:11     | Reached XP level 14. HP: 76/130 MP: 13/13
 21360 | Orc:1    | Noticed an orc warlord
 21392 | D:11     | Killed an orc warlord
 21404 | Orc:1    | Reached skill level 5 in Stealth
 21500 | Orc:1    | Reached skill level 1 in Throwing
 21924 | Orc:2    | Entered Level 2 of the Orcish Mines
 22428 | Orc:2    | Noticed Sonja
 23031 | Orc:2    | Sonja changed into Sonja the rime drake
 23031 | Orc:2    | Noticed Sonja
 23038 | Orc:2    | Killed Sonja the rime drake
 23601 | Orc:2    | Found a staircase to the Elven Halls.
 24427 | Orc:2    | Found Bipec's Magic Scroll Emporium.
 24427 | Orc:2    | Found Giny's Magic Scroll Shop.
 24429 | Orc:2    | Found Qeblani's Antique Armour Boutique.
 24431 | Orc:2    | Found Wiynod's Assorted Antiques.
 24435 | Orc:2    | Bought a scroll of revelation for 75 gold pieces
 24435 | Orc:2    | Bought a scroll of fog for 40 gold pieces
 24435 | Orc:2    | Bought a scroll of enchant weapon for 75 gold pieces
 24435 | Orc:2    | Bought a scroll of summoning for 95 gold pieces
 24437 | Orc:2    | Bought a scroll of identify for 24 gold pieces
 24437 | Orc:2    | Bought a scroll of identify for 24 gold pieces
 24437 | Orc:2    | Bought a scroll of identify for 24 gold pieces
 24437 | Orc:2    | Bought a scroll of immolation for 48 gold pieces
 24437 | Orc:2    | Bought a scroll of poison for 48 gold pieces
 24437 | Orc:2    | Bought a scroll of fear for 48 gold pieces
 24437 | Orc:2    | Bought a scroll of teleportation for 36 gold pieces
 24437 | Orc:2    | Bought a scroll of fog for 48 gold pieces
 24444 | Orc:2    | Bought a moonstone ring for 175 gold pieces
 24517 | D:11     | Killed BubbleThief's ghost
 24640 | D:12     | Reached skill level 19 in Axes
 26403 | D:13     | Found a gate to the Vaults.
 26403 | D:13     | Noticed an ironbound preserver
 26414 | D:13     | Killed an ironbound preserver
 26975 | D:13     | Reached XP level 15. HP: 119/139 MP: 14/14
 27115 | D:14     | Reached skill level 15 in Fighting
 27208 | D:14     | Reached skill level 15 in Ranged Weapons
 27578 | D:14     | Reached skill level 5 in Throwing
 27778 | D:15     | Entered Level 15 of the Dungeon
 28082 | D:15     | Found a white marble altar of Elyvilon.
 28735 | D:15     | Found a staircase to the Depths.
 29839 | Elf:1    | Entered Level 1 of the Elven Halls
 30191 | Elf:1    | Found a radiant altar of Vehumet.
 30806 | Snake:1  | Entered Level 1 of the Snake Pit
 33314 | Snake:1  | Reached skill level 20 in Axes
 33330 | Snake:1  | Found a hazy altar of Hepliaklqana.
 35385 | Snake:2  | Reached XP level 16. HP: 151/151 MP: 15/15
 38757 | Snake:3  | Found Pig Vom's Antique Armour Shop.
 38797 | Snake:3  | Reached ***** piety under Trog
 39679 | Snake:4  | Entered Level 4 of the Snake Pit
 40214 | Snake:4  | Found Zyorriruc's General Store.
 40222 | Snake:4  | Bought a wand of roots (3) for 93 gold pieces
 40345 | Snake:4  | Found Vaimy's Armour Emporium.
 41508 | Snake:4  | Found Fiynilac's Jewellery Shop.
 42096 | Snake:4  | Found Nehoon's Distillery.
 42105 | Snake:4  | Bought 2 potions of resistance for 320 gold pieces
 42105 | Snake:4  | Bought a potion of mutation for 128 gold pieces
 42105 | Snake:4  | Bought a potion of heal wounds for 80 gold pieces
 42105 | Snake:4  | Bought a potion of heal wounds for 80 gold pieces
 42206 | Snake:4  | Found Muaggan's Antique Armour Boutique.
 44124 | Snake:4  | Reached XP level 17. HP: 152/160 MP: 16/16
 46252 | Snake:4  | Got a serpentine rune of Zot
 46280 | Snake:4  | Identified the +8 battleaxe "Powerful Undertaker" {heavy,
                  | rElec} (Trog gifted it to you on level 4 of the Snake Pit)
 46280 | Snake:4  | Received a gift from Trog
 47189 | Swamp:1  | Entered Level 1 of the Swamp
 51255 | Snake:4  | Bought a +4 ring of slaying for 1170 gold pieces
 51918 | Swamp:3  | Identified the +0 pair of gloves of the Hurtling Gods
                  | {Will++ Str+4}
 51918 | Swamp:3  | Noticed Nikola
 51933 | Swamp:3  | Killed Nikola
 51934 | Swamp:3  | Reached skill level 5 in Armour
 51941 | Swamp:3  | HP: 5/161 [spriggan druid/+0 spectral quarterstaff (5)]
 51941 | Swamp:3  | Slain by a +0 spectral quarterstaff

Illustrated notes

Levels and vault maps discovered:
D:1:      amcnicky_arrival_choice, layout_loops_ring
D:2:      layout_loops_ring, uniq_crazy_yiuf_cottage
D:3:      layout_loops_ring, uniq_ijyb, uniq_terence, uniq_jessica
D:4:      layout_basic, mainiacjoe_overflow_alcove_1, uniq_sigmund
D:5:      layout_cave_pools, minmay_tree_intersection, uniq_menkaure
D:6:      layout_layer_cave, kennysheep_little_box,
          minmay_temple_entry_poolview, st_stairs_9, uniq_duvessa,
          uniq_eustachio, uniq_pikel
D:7:      layout_basic, nicolae_hepliaklqana_monster_ancestors,
          nicolae_ru_sacrificial_ziggurat, chequers_big_river,
          nicolae_shop_clearance
D:8:      layout_gridville, lemuel_coloured_pillars_altar, grunt_ministairs_7
D:9:      layout_basic, mainiacjoe_overflow_alcove_4
D:10:     layout_long_grid, erik_lair_orcish_takeover, gammafunk_ghost_icy,
          enter_bailey_2, uniq_erica, uniq_psyche
D:11:     minmay_octagon_keep, layout_irregular_city, erik_orc_4,
          gammafunk_ghost_spectres, uniq_gastronok
D:12:     layout_stronghold
D:13:     layout_basic, skrybe_vaults_entry_preservation, hex_large
D:14:     layout_rooms, hangedman_abyss_or_decor_clamps, item_on_display_a
D:15:     hellmonk_depths_entry_around_the_bend, layout_loops_ring,
          elyvilon_altar_4
Lair:1:   layout_small_grid, lemuel_fruit_fields, grunt_megastairs_3,
          serial_bayou_shore_a, serial_bayou_shore_b
Lair:2:   layout_roguey, minmay_swamp_entry_worms, lemuel_old_faithful
Lair:3:   layout_chaotic_city, dummy_snake_entry,
          nicolae_lair_run_with_the_wolves
Lair:4:   layout_regular_city, nicolae_slime_entry_slimehenge
Swamp:1:  layout_falls_marsh, evilmike_swamp_ruin_house_6, swamp_pool_3,
          infiniplex_staircase_pool
Swamp:2:  layout_basic_swamp, nicolae_swamp_little_tower, swamp_pool_5,
          nicolae_swamp_bean_lake
Swamp:3:  layout_basic_swamp, nicolae_swamp_oxbows, swamp_pool_3,
          infiniplex_staircase_pool_2, uniq_nikola
Snake:1:  layout_cave_shapes, basic_altar
Snake:2:  layout_layer_cave, nicolae_snake_guarding_the_ruins
Snake:3:  nicolae_snake_attic_fulla_snakes, layout_chambers, serial_shops,
          nicolae_shop_overgrown_old_shop
Snake:4:  johnstein_snake_rune_scales, layout_chambers, serial_shops,
          nicolae_shop_trees, nicolae_shop_back_alley_shop, shop, shop_statue,
          shop, grunt_megastairs_1
Orc:1:    layout_caves, mainiacjoe_minedec_watcher_in_the_water
Orc:2:    st_orc_rangers, layout_caves, uniq_sonja
Elf:1:    eino_elf_arrival_altar, layout_gridlike, minivault_28

Skill      XL: |  1  2  3  4  5  6  7  8  9 10 11 12 13 14 15 16 17 |
---------------+----------------------------------------------------+-----
Axes           | 4 5 6 7 9 11 12 14 16 17 18 19 20 | 20.0
Fighting       | 4 5 6 8 9 10 12 13 14 15 16 17 | 17.3
Ranged Weapons | 2 3 5 7 8 9 11 13 14 16 18 | 18.0
Evocations     | 3 5 6 7 8 |  8.2
Stealth        | 2 4 6 7 9 |  9.8
Throwing       | 4 6 8 9 |  9.1
Armour         | 3 5 |  5.0
Dodging        | 4 |  4.6

Action                     |  1- 3 |  4- 6 |  7- 9 | 10-12 | 13-15 | 16-18 || total
---------------------------+-------+-------+-------+-------+-------+-------++-------
  Melee: Hand axe          |    70 |    14 |       |       |     5 |       ||    89
         Headbutt          |    12 |    12 |    22 |    75 |   158 |    41 ||   320
         Punch             |     1 |       |     1 |       |       |       ||     2
         Trident           |       |    38 |       |       |       |       ||    38
         War axe           |       |    28 |    74 |       |       |       ||   102
         Broad axe         |       |       |    82 |   183 |       |       ||   265
         Battleaxe         |       |       |       |   216 |   640 |   188 ||  1044
   Fire: Sling             |       |    19 |    55 |    35 |       |       ||   109
         Orcbow            |       |       |       |   122 |   166 |       ||   288
         Arbalest          |       |       |       |       |   268 |   381 ||   649
  Throw: Dart              |     3 |       |     2 |    17 |     5 |       ||    27
         Boomerang         |       |       |       |       |    11 |     4 ||    15
 Invoke: Trog's Hand       |     1 |     1 |    10 |    21 |    33 |     7 ||    73
         Berserk           |       |     4 |     5 |     9 |    18 |     4 ||    40
  Evoke: Wand              |       |       |     9 |     7 |     4 |     4 ||    24
    Use: Scroll            |     4 |     2 |     5 |    11 |    20 |     5 ||    47
         Potion            |       |       |       |     1 |       |     2 ||     3
   Stab: Sleeping          |       |       |     1 |       |     1 |     3 ||     5
         Betrayed ally     |       |       |       |     1 |       |       ||     1
         Confused          |       |       |       |     1 |     8 |       ||     9
         Petrifying        |       |       |       |       |     2 |     2 ||     4
         Paralysed         |       |       |       |       |     2 |       ||     2
 Armour: Animal skin       |    35 |    10 |       |       |       |       ||    45
         Chain mail        |       |    27 |       |       |       |       ||    27
         Ring mail         |       |       |   126 |    95 |       |       ||   221
         Plate armour      |       |       |       |    67 |   654 |       ||   721
         Leather armour    |       |       |       |   117 |   172 |   229 ||   518
  Dodge: Dodged            |    35 |    35 |    73 |   131 |   365 |   128 ||   767
  Block: Kite shield       |       |       |    41 |    75 |       |       ||   116
         Other             |       |       |       |    35 |   205 |    49 ||   289
         Reflection        |       |       |       |       |    61 |     9 ||    70

Table legend: (Time is in decaauts)
 A = Elapsed time spent in this place.
 B = Non-inter-level travel time spent in this place.
 C = Inter-level travel time spent in this place.
 D = Time resting spent in this place.
 E = Time spent auto-exploring this place.
 F = Levels seen in this place.
 G = Mean time per level.
                   A        B        C        D        E       F      G
               +--------+--------+--------+--------+--------+-----+--------+
         Total |  52297 |  50173 |   2124 |  25184 |  18186 |  30 | 1743.2 |
       Dungeon |  19597 |  18999 |    598 |   4994 |  10997 |  15 | 1306.5 |
          Lair |   6995 |   6567 |    428 |   2634 |   3039 |   4 | 1748.8 |
         Swamp |   4537 |   4417 |    120 |   3077 |   1078 |   3 | 1512.3 |
     Snake Pit |  16035 |  15197 |    838 |  11036 |   2382 |   4 | 4008.8 |
  Orcish Mines |   3323 |   3185 |    138 |   1997 |    676 |   2 | 1661.5 |
   Elven Halls |    831 |    831 |      0 |    696 |     12 |   1 |  831.0 |
        Bailey |    976 |    976 |      0 |    749 |      0 |   1 |  976.0 |
               +--------+--------+--------+--------+--------+-----+--------+

Top non-repeatable levels by time:
 Snake:4: 6918 daAuts
 Snake:2: 3640 daAuts
 Snake:3: 3026 daAuts
    D:11: 2676 daAuts
 Swamp:1: 2504 daAuts
 Snake:1: 2449 daAuts
  Lair:3: 2411 daAuts
  Lair:4: 2016 daAuts
 Swamp:2: 2009 daAuts
   Orc:1: 1924 daAuts
    D:15: 1687 daAuts
     D:6: 1592 daAuts
     D:8: 1486 daAuts
    D:10: 1449 daAuts
    D:12: 1414 daAuts
